 Dungeon Crawl Stone Soup version 0.15.1-3-g1b33baa (webtiles) character file.

63 Chiseanne the Chiller (level 4, 0/30 HPs)
             Began as a Formicid Ice Elementalist on Oct 3, 2014.
             Slain by VictorG's ghost (3 damage)
             ... on Level 3 of the Dungeon.
             The game lasted 00:06:37 (2315 turns).

Chiseanne the Chiller (Formicid Ice Elementalist)   Turns: 2315, Time: 00:06:37

HP   0/30        AC  8     Str 13      XL: 4   Next: 30%
MP   8/10        EV 11     Int 15      God:
Gold 87          SH  0     Dex 11      Spells:  3 memorised,  3 levels left

rFire  . . .     SeeInvis +     a - +3 whip (elec)
rCold  . . .     Clarity  .     i - +0 leather armour
rNeg   . . .     rCorr    .     (no shield)
rPois  .         rRot     .     (helmet unavailable)
rElec  .         Spirit   .     (no cloak)
SustAb .         Warding  .     (no gloves)
rMut   .         Stasis   +     (no boots)
Gourm  .                        (no amulet)
MR     .....                    (no ring)
                                (no ring)

@: lethally poisoned, icy armour, not resistant to hostile enchantments,
unstealthy
A: permanent stasis, dig shafts and tunnels, four strong arms, antennae 3
a: Dig, Shaft Self


You were on level 3 of the Dungeon.
You were hungry.

You visited 1 branch of the dungeon, and saw 3 of its levels.

You collected 87 gold pieces.

Inventory:

Hand weapons
 a - a +3 whip of electrocution (weapon)
Missiles
 f - 54 poisoned needles
 g - a throwing net (quivered)
Armour
 i - a +0 leather armour (worn)
Comestibles
 c - a bread ration
 d - a beef jerky
Potions
 e - 2 potions of cancellation
Books
 b - a book of Frost

   Spells                             Type                      Level
   *Freeze                            Ice                          1
   *Throw Frost                       Conjuration/Ice              2
   *Ozocubu's Armour                  Charms/Ice                   3
   Throw Icicle                       Conjuration/Ice              4
   Summon Ice Beast                   Ice/Summoning                4
   Condensation Shield                Ice                          4
Magical staves
 j - an uncursed staff of death {unknown}


   Skills:
 - Level 1.7 Dodging
 - Level 2.4 Stealth
 * Level 3.0 Spellcasting
 - Level 0.8 Conjurations
 * Level 4.3 Ice Magic


You had 3 spell levels left.
You knew the following spells:

 Your Spells              Type           Power        Failure   Level  Hunger
a - Freeze                Ice            ###.         3%          1    #......
b - Throw Frost           Conj/Ice       ##....       12%         2    ##.....
c - Ozocubu's Armour      Chrm/Ice       #.......     30%         3    ###....


Dungeon Overview and Level Annotations

Branches:
Dungeon (3/15)

Altars:
Sif Muna

Annotations:
D:3 VictorG's ghost, average KoHu


Innate Abilities, Weirdness & Mutations

Your are under a permanent stasis effect.
You can dig through walls and to a lower floor.
Your four strong arms can wield two-handed weapons with a shield.
You have a pair of large antennae on your head (SInv).


Message History

VictorG's ghost hits you but does no damage.
You hit VictorG's ghost but do no damage.
VictorG's ghost is heavily damaged.
VictorG's ghost hits you but does no damage.
Eat which item? (? for menu, Esc to quit)
You are feeling hungry.
VictorG's ghost hits you but does no damage.
You continue eating.
You feel sick.
VictorG's ghost hits you but does no damage.
You finish eating.
That beef jerky was delicious!
You miss VictorG's ghost.
VictorG's ghost is heavily damaged.
VictorG's ghost hits you.
* * * LOW HITPOINT WARNING * * *
VictorG's ghost hits you but does no damage.
You hit VictorG's ghost but do no damage.
VictorG's ghost is heavily damaged.
VictorG's ghost hits you.
You die...

####
######..##
#o≈..#8..###
#{§§.+.@W..#
#o≈§.#8..#.#
######..##.#
#######..#
#........##
#.....###.#
.##..# #.# #
#..###.#
{#.##.#...##


You could see VictorG's ghost.

Vanquished Creatures
  A gnoll (D:1)
  2 adders
  2 giant geckos (D:2)
  A giant cockroach (D:1)
  4 hobgoblins
  3 jackals (D:3)
  5 kobolds
  A quokka (D:3)
  10 bats
  A giant newt (D:2)
  2 goblins
  3 rats
35 creatures vanquished.

Notes
Turn   | Place    | Note
--------------------------------------------------------------
     0 | D:1      | Chiseanne, the Formicid Ice Elementalist, began the quest for the Orb.
     0 | D:1      | Reached XP level 1. HP: 13/13 MP: 3/3
   429 | D:1      | Reached XP level 2. HP: 16/19 MP: 0/6
   848 | D:2      | Reached XP level 3. HP: 20/24 MP: 7/7
   852 | D:2      | Learned a level 2 spell: Throw Frost
   856 | D:2      | Learned a level 3 spell: Ozocubu's Armour
  1698 | D:2      | Reached skill level 4 in Ice Magic
  1960 | D:3      | Reached XP level 4. HP: 30/30 MP: 0/9
  2252 | D:3      | Noticed VictorG's ghost (average KoHu)
  2266 | D:3      | Found a deep blue altar of Sif Muna.
  2315 | D:3      | Slain by VictorG's ghost

Action                   |  1- 3 |  4- 6 || total
-------------------------+-------+-------++-------
Melee: Hand axe          |     7 |       ||     7
       Whip              |    54 |    31 ||    85
 Cast: Freeze            |    15 |     8 ||    23
       Ozocubu's Armour  |     1 |     2 ||     3
 Abil: Dig               |     1 |       ||     1
  Use: Scroll            |     6 |       ||     6
       Potion            |     1 |     3 ||     4
 Stab: Sleeping          |     3 |       ||     3
       Invisible         |     2 |       ||     2
  Eat: Chunk             |     2 |     1 ||     3
       Beef jerky        |       |     1 ||     1
